 Dungeon Crawl Stone Soup version 0.31-a0-217-g58bb5d79cf (webtiles) character file.

Game seed: 14664921991742964666

79 qw the Shooter (level 4, -2/36 HPs)
             Began as a Minotaur Hexslinger on July 2, 2023.
             Slain by Sigmund
             ... wielding a +0 scythe
              (4 damage)
             ... on level 2 of the Dungeon.
             The game lasted 00:00:29 (1052 turns).

qw the Shooter (Minotaur Hexslinger)                Turns: 1052, Time: 00:00:29

Health: -2/36      AC:  2    Str: 12    XL:     4   Next: 17%
Magic:  4/4        EV: 12    Int: 10    God:
Gold:   58         SH:  0    Dex: 15    Spells: 4/5 levels left

rFire   . . .        Y - +1 sling
rCold   . . .        (no shield)
rNeg    . . .        c - +0 robe
rPois   .            (helmet restricted)
rElec   .            (no cloak)
rCorr   .            (no gloves)
SInv    .            (no boots)
Will    .....        (no amulet)
Stlth   +            (no ring)
HPRegen 0.26/turn    (no ring)
MPRegen 0.09/turn

%: no passive effects
@: confused
A: horns 2, retaliatory headbutt
a: no special abilities


You were on level 2 of the Dungeon.
You visited 1 branch of the dungeon, and saw 2 of its levels.

You collected 58 gold pieces.


Innate Abilities, Weirdness & Mutations

You have a pair of horns on your head.
You reflexively headbutt those who attack you in melee.


   Skills:
 - Level 2.0 Fighting
 + Level 4.7 Ranged Weapons
 - Level 2.1 Dodging
 - Level 1.0 Spellcasting
 - Level 2.0 Hexes


You had 4 spell levels left.
You knew the following spells:

 Your Spells              Type           Power      Damage    Failure   Level
a - Slow                  Hex            16%        N/A       16%         1

Your spell library contained the following spells:

 Spells                   Type           Power      Damage    Failure   Level
 Inner Flame              Hex/Fire       2%         N/A       56%         3
 Portal Projectile        Hex/Tloc       4%         N/A       56%         3
 Cause Fear               Hex            2%         N/A       83%         4

Inventory:

Hand Weapons
 Y - a +1 sling (weapon)
Armour
 a - a +0 leather armour
 c - a +0 robe (worn)
 g - a +0 pair of gloves
Jewellery
 d - an amulet of reflection
Scrolls
 b - a scroll of fog {unknown}
 e - a scroll of identify
 f - a scroll of silence {unknown}
 i - a scroll of brand weapon {unknown}
Potions
 h - a potion of ambrosia {unknown}

Dungeon Overview and Level Annotations

Branches:
Dungeon (2/15)

Altars:
Elyvilon

Annotations:
D:2 Sigmund


Message History

Enter note:
Enter note:
Enter note: You shoot a sling bullet.
The sling bullet hits Sigmund.
Sigmund is lightly wounded.
You shoot a sling bullet. The sling bullet hits Sigmund.
Sigmund is moderately wounded.
You shoot a sling bullet. The sling bullet hits Sigmund.
Sigmund is heavily wounded.
Sigmund points at you and mumbles some strange words.
You resist with some effort.
You shoot a sling bullet. The sling bullet hits Sigmund.
Sigmund is severely wounded.
Sigmund hits you from afar with a +0 scythe.
You shoot a sling bullet.
The sling bullet closely misses Sigmund.
Sigmund casts a spell at you.
You are confused.
Sigmund hits you from afar with a +0 scythe!
Sigmund hits you from afar with a +0 scythe.
Sigmund casts a spell at you. The magic dart hits you.
Enter note:
Enter note:
Enter note:
Enter note:
Enter note:
Enter note:
Enter note:
Enter note: Sigmund closely misses you.
You feel less confused. Sigmund casts a spell at you.
You are confused.
Sigmund hits you from afar with a +0 scythe!
Sigmund says, "Your kind have come here before.
I understand now why.
You desire death..."
Sigmund points at you and mumbles some strange words.
The magic dart hits you.
Sigmund hits you from afar with a +0 scythe.
You die...

#......)).........#.#########....
#....##.)##.......#.# #.##.
#...?##.............# #.##.
#....##...#.........# #....
#.........#.......... ####.
##.................## #.
#......#..######..# #.
####...#..# ####..# #.
#...#..###.)@..# ###
#....<..##.##.## #.< #...##..##.#
@# #.. ##......##.# .. #..
#.####....# #.. #.. #.##(.....#
#.. #.. #.##......# ##. #... #.
+......# ## ##.. ## #.....## #..


You could see Sigmund.

Vanquished Creatures
  An orc priest (D:2)
  2 adders (D:2)
  2 orcs (D:2)
  2 ball pythons (D:1)
  3 bats
  5 endoplasms (D:1)
  A goblin (D:1)
  A hobgoblin (D:2)
  4 jackals (D:1)
  A quokka (D:2)
  A frilled lizard (D:1)
  4 kobolds (D:1)
  4 rats (D:1)
31 creatures vanquished.

Notes
Turn   | Place    | Note
-------+----------+-------------------------------------------
     0 | D:1      | qw the Minotaur Hexslinger began the quest for the Orb.
     0 | D:1      | Reached XP level 1. HP: 16/16 MP: 1/1
     0 | D:1      | 0 ||| qw: Version: 0.3-a-40-ge99b1a8
     0 | D:1      | 0 ||| qw: Game counter: 242
     0 | D:1      | 0 ||| qw: Melee chars always use a shield: true
     0 | D:1      | 0 ||| qw: God list: Okawaru
     0 | D:1      | 0 ||| qw: Allow faded altars: false
     0 | D:1      | 0 ||| qw: Do Orc after clearing Dungeon:15 true
     0 | D:1      | 0 ||| qw: Do second Lair branch before Depths: true
     0 | D:1      | 0 ||| qw: Lair rune preference: random
     0 | D:1      | 0 ||| qw: Goals: Normal
     0 | D:1      | 0 ||| PLANNING D:1-11
   115 | D:1      | HP: 4/16 [jackal (3)]
   116 | D:1      | Reached skill level 3 in Ranged Weapons
   116 | D:1      | Reached XP level 2. HP: 6/23 MP: 2/2
   729 | D:1      | 729 ||| READING scroll labelled CAH JAFRUTOHUE.
   730 | D:1      | 730 ||| READING 2 scrolls labelled BYPTEEMOOR.
   731 | D:1      | 731 ||| READING scroll labelled PEMPIM HAWN.
   732 | D:1      | 732 ||| READING scroll labelled PUBLIS ENNAIZ.
   733 | D:1      | 733 ||| READING scroll labelled BIAD LIUDWIVAARPHA.
   734 | D:1      | 734 ||| DROPPING scroll of poison.
   770 | D:2      | Reached XP level 3. HP: 21/29 MP: 3/3
   839 | D:2      | Reached skill level 4 in Ranged Weapons
   853 | D:2      | Found a white marble altar of Elyvilon.
  1006 | D:2      | Reached XP level 4. HP: 35/36 MP: 4/4
  1037 | D:2      | Noticed Sigmund
  1050 | D:2      | HP: 6/36 [Sigmund/+0 scythe (9)]
  1051 | D:2      | HP: 2/36 [Sigmund/magic dart (5)]
  1052 | D:2      | Slain by Sigmund

Levels and vault maps discovered:
D:1:      eino_arrival_cavern_e, layout_basic
D:2:      layout_basic, basic_altar, uniq_sigmund

Skill      XL: |  1  2  3 |
---------------+----------+-----
Ranged Weapons | 3 4 |  4.7
Fighting       | 2 |  2.0
Dodging        | |  2.1
Spellcasting   | |  1.0
Hexes          | |  2.0

Action                     |  1- 3 |  4- 6 || total
---------------------------+-------+-------++-------
   Fire: Sling             |    91 |     7 ||    98
    Use: Scroll            |     5 |       ||     5
 Armour: Robe              |     3 |     1 ||     4
  Dodge: Dodged            |    33 |     3 ||    36

Table legend:
 A = Non-vault XP
 B = Vault XP
 C = Vault XP percentage of total XP
 D = Non-vault monster count
 E = Vault monster count
 F = Vault count percentage of total count
                 A         B        C        D         E       F
            +---------+---------+-------+---------+---------+-------
      Total |     114 |       0 |   0.0 |      31 |       0 |   0.0
            +---------+---------+-------+---------+---------+-------
        D:1 |      35 |       0 |   0.0 |      22 |       0 |   0.0
        D:2 |      79 |       0 |   0.0 |       9 |       0 |   0.0
            +---------+---------+-------+---------+---------+-------
